 Dungeon Crawl Stone Soup version 0.26-a0-812-g31a745ddcd (webtiles) character file.

Game seed: 5499449860183128104

13079 salade2fruit the Thaumaturge (level 12, 82/82 HPs)
             Began as an Octopode Ice Elementalist on Nov 19, 2020.
             Was an Elder of Vehumet.
             Quit the game on level 11 of the Dungeon on Dec 17, 2020.
             The game lasted 00:56:27 (16598 turns).

salade2fruit the Thaumaturge (OpIE)                Turns: 16598, Time: 00:56:27

Health: 82/82      AC:  6    Str:  7    XL:     12   Next: 2%
Magic:  25/25      EV: 15    Int: 21    God:    Vehumet [****..]
Gold:   606        SH:  0    Dex: 12    Spells: 12/29 levels left

rFire    . . .     SeeInvis +   e - +4 rapier (vamp)
rCold    + + .     Faith    +   (no shield)
rNeg     + . .     Spirit   .   M - +1 hat {SInv}
rPois    .         Reflect  .   x - amulet of faith
rElec    .         Harm     .   L - ring of positive energy
rCorr    .         Rampage  .   q - ring of protection from cold
MR       .....     Clarity  +   t - +4 ring of protection
Stlth    +++++.....             u - ring of protection from cold
HPRegen  0.23/turn              (no ring)
MPRegen  0.19/turn              (no ring)
                                (no ring)
                                (no ring)

@: no status effects
A: almost no armour, stealthy swim, amphibious, 8 rings, constrict 8, camouflage
1, clarity, inhibited regeneration, weak 1, gelatinous body 1
a: Renounce Religion


You were on level 11 of the Dungeon.
You worshipped Vehumet.
Vehumet was greatly pleased with you.
You visited 2 branches of the dungeon, and saw 12 of its levels.

You collected 606 gold pieces.

Inventory:

Hand Weapons
 e - a +4 vampiric rapier (weapon)
 v - a +1 war axe of flaming
Missiles
 B - 15 boomerangs (quivered)
Armour
 J - a +2 kite shield of protection
 M - a +1 hat of see invisible (worn)
Jewellery
 o - an uncursed ring of fire
 p - an uncursed ring of ice
 q - a ring of protection from cold (right tentacle)
 t - a +4 ring of protection (on tentacle)
 u - a ring of protection from cold (on tentacle)
 x - an amulet of faith (around mantle)
 A - an uncursed ring of fire
 L - a ring of positive energy (left tentacle)
 N - an uncursed ring of ice
Wands
 l - a wand of flame (30)
Scrolls
 a - 3 scrolls of magic mapping
 f - 7 scrolls of remove curse
 g - a scroll of identify
 k - 6 scrolls of teleportation
 n - a scroll of enchant armour {unknown}
 r - 5 scrolls of fog
 y - a scroll of random uselessness {unknown}
 z - 3 scrolls of amnesia
 E - 2 scrolls of enchant weapon {unknown}
 F - a scroll of immolation {unknown}
 G - a scroll of brand weapon {unknown}
 I - a scroll of vulnerability {unknown}
Potions
 b - 6 potions of curing
 c - a potion of heal wounds
 d - 3 potions of flight
 h - a potion of might
 i - 2 potions of cancellation
 j - 3 potions of lignification
 m - a potion of attraction {unknown}
 s - 2 potions of resistance
 w - 2 potions of degeneration
 C - a potion of mutation
 H - 2 potions of haste {unknown}
 K - a potion of brilliance {unknown}
Miscellaneous
 D - a condenser vane (inert)


   Skills:
 - Level 7.7 Fighting
 - Level 0.7 Short Blades
 + Level 5.6 Dodging
 - Level 8.6 Stealth
 + Level 9.1 Spellcasting
 - Level 1.0 Conjurations
 - Level 3.5 Hexes
 * Level 3.3 Summonings
 - Level 5.0 Fire Magic
 - Level 8.9 Ice Magic
 + Level 5.6 Evocations


You had 12 spell levels left.
You knew the following spells:

 Your Spells              Type           Power        Failure   Level
a - Foxfire               Conj/Fire      ###.         1%          1
b - Freeze                Ice            ####         1%          1
e - Ozocubu's Armour      Ice            #####...     1%          3
f - Summon Ice Beast      Ice/Summ       #####...     5%          4
g - Mephitic Cloud        Conj/Pois/Air  ##......     5%          3
r - Ensorcelled Hibernat  Hex/Ice        #####.       1%          2
z - Frozen Ramparts       Ice            #####.       1%          3

Your spell library contained the following spells:

 Spells                   Type           Power        Failure   Level
 Fulminant Prism          Conj/Hex       ###.......   8%          4
 Corona                   Hex            ###....      1%          1
 Dazzling Flash           Conj/Hex       ###...       2%          3
 Hailstorm                Conj/Ice       ####....     2%          4
 Ignite Poison            Fire/Tmut/Pois ###.....     3%          3
 Confusing Touch          Hex            ###.....     4%          3
 Tukima's Dance           Hex            ###.....     4%          3
 Beastly Appendage        Tmut           #.....       7%          1
 Sting                    Tmut/Pois      #...         7%          1
 Poisonous Vapours        Pois/Air       #.....       11%         2
 Wereblood                Tmut           #.......     11%         2
 Ice Form                 Ice/Tmut       ####....     11%         4
 Olgreb's Toxic Radiance  Pois           #.......     17%         4
 Spider Form              Tmut/Pois      #.........   22%         3
 Blade Hands              Tmut           #.........   89%         5


Dungeon Overview and Level Annotations

Branches:
Dungeon (11/15)            Temple (1/1) D:6            Lair (0/6) D:11
    Orc: D:9-12

Altars:
Ashenzari
Cheibriados
Dithmenos
Elyvilon
Fedhas
Gozag
Hepliaklqana
Kikubaaqudgha
Makhleb
Nemelex Xobeh
Okawaru
Qazlal
Ru
Sif Muna
Trog
Uskayaw
Vehumet
Wu Jian
Xom
Yredelemnul
Zin
The Shining One

Annotations:
D:8 2 runed translucent doors, exclusion: orange crystal statue
D:9 3 runed translucent doors, night's ghost, novice DsAE
D:10 1 runed translucent door
Temple submeem


Innate Abilities, Weirdness & Mutations

You cannot wear most types of armour.
You are very stealthy in the water. (Stealth+)
You are amphibious.
You can wear up to eight rings at the same time.
You can use your tentacles to constrict eight enemies at once.
Your skin changes colour to match your surroundings (Stealth+).
Your rubbery body absorbs attacks. (AC +1, EV +1)
You possess an exceptional clarity of mind.
You do not regenerate when monsters are visible.
You are weak. (Str -2)


Message History

HP restored.
Unknown command.
Unknown command.
Save game and exit?
Welcome back, salade2fruit the Octopode Ice Elementalist.
Vehumet says: Let it end in hellfire!
Press ? for a list of commands and other information.
Unknown command.
Unknown command.
Unknown command.
Unknown command.
Unknown command.
Okay, then.
Okay, then.
Okay, then.
Cast which spell? (? or * to list)
Okay, then.
Unknown command.
Unknown command.
Are you sure you want to abandon this character and quit the game? (Confirm with "yes".)

....# ....# '#### .z.##
##).# # ##.# #.#########
###.########....<....###
.......##..'.......!....
>.z....##.##....@....###
.z.....##.##..>.†....#
.......#..##.........#
.........###.........#
.......### #.........#
.......# ###########
########


There were no monsters in sight!

Vanquished Creatures
  Erica (D:8)
  A two-headed ogre (D:8)
  A tengu warrior (D:10)
  An unseen horror (D:10)
  Pikel (D:8)
  Maurice (D:10)
  3 trolls
  A hornet (D:8)
  Prince Ribbit (D:6)
  4 slime creatures (D:10)
  3 wyverns
  Eustachio (D:6)
  3 yaks (D:10)
  Edmund (D:5)
  A water moccasin (D:11)
  5 orc warriors
  A black bear (D:11)
  3 ice beasts
  3 sky beasts
  4 ogres
  3 phantoms
  A lemure (D:8)
  3 centaurs
  Blork the orc (D:4)
  2 big kobolds
  6 bullfrogs
  A water moccasin zombie (D:10)
  A wyvern skeleton (D:7)
  5 scorpions
  5 killer bees (D:10)
  13 wights
  4 howler monkeys
  2 centaur zombies
  3 bullfrog skeletons
  3 jellies
  8 orc priests
  6 hounds
  11 orc wizards
  5 iguanas
  Terence (D:2)
  6 worker ants
  A worker ant zombie (D:9)
  Robin (D:2)
  8 adders
  A howler monkey skeleton (D:6)
  2 shadow imps (D:10)
  2 white imps
  2 oozes
  2 adder skeletons
  2 worms
  3 dart slugs
  2 leopard geckos
  46 orcs
  A ball python (D:4)
  5 giant cockroaches
  13 goblins
  15 hobgoblins
  8 jackals
  5 quokkas
  4 bats
  4 frilled lizards
  A jackal skeleton (D:5)
  17 kobolds
  9 rats
284 creatures vanquished.

Vanquished Creatures (collateral kills)
  Gastronok (D:10)
  A centaur (D:11)
  A bullfrog (D:11)
  A scorpion (D:11)
  6 wights (D:11)
  A hound (D:11)
  A hound zombie (D:11)
  A leopard gecko (D:11)
  2 kobolds (D:11)
15 creatures vanquished.

Vanquished Creatures (others)
  An orc priest (D:11)
  An orc wizard (D:11)
  An orc (D:11)
  259 foxfires
  59 fungi (D:11)
  52 plants (D:11)
373 creatures vanquished.

Grand Total: 672 creatures vanquished

Notes
Turn   | Place    | Note
-------+----------+-------------------------------------------
     0 | D:1      | salade2fruit the Octopode Ice Elementalist began the quest
                  | for the Orb.
     0 | D:1      | Reached XP level 1. HP: 11/11 MP: 3/3
   245 | D:1      | Reached XP level 2. HP: 17/17 MP: 5/5
   740 | D:1      | Reached XP level 3. HP: 21/21 MP: 6/6
  1559 | D:2      | Noticed Terence
  1615 | D:2      | Identified the +1 helmet "Sesir" {+Fly rCorr Str+4 Dex-2}
  1615 | D:2      | Noticed Robin
  1700 | D:2      | Reached XP level 4. HP: 27/27 MP: 5/7
  1760 | D:2      | Learned a level 3 spell: Frozen Ramparts
  1823 | D:2      | Killed Robin
  2034 | D:2      | Killed Terence
  2034 | D:2      | Reached skill level 5 in Ice Magic
  2034 | D:2      | Reached XP level 5. HP: 16/31 MP: 1/8
  2275 | D:2      | Learned a level 3 spell: Ozocubu's Armour
  3072 | D:3      | Reached skill level 1 in Fighting
  3292 | D:3      | Gained mutation: You evolve. [potion of mutation]
  3292 | D:3      | Gained mutation: You do not regenerate when monsters are
                  | visible. [potion of mutation]
  3292 | D:3      | Gained mutation: Your spells are a little harder to cast,
                  | but a little more powerful. [potion of mutation]
  3292 | D:3      | Gained mutation: One of your tentacles bears a spike.
                  | [potion of mutation]
  3294 | D:3      | Lost mutation: You evolve. [potion of mutation]
  3294 | D:3      | Lost mutation: One of your tentacles bears a spike. [potion
                  | of mutation]
  3294 | D:3      | Lost mutation: Your spells are a little harder to cast, but
                  | a little more powerful. [potion of mutation]
  3294 | D:3      | Gained mutation: You are weak. (Str -2) [potion of
                  | mutation]
  3294 | D:3      | Gained mutation: You possess an exceptional clarity of
                  | mind. [potion of mutation]
  3297 | D:4      | Noticed an ogre
  3395 | D:4      | Reached skill level 3 in Spellcasting
  3619 | D:4      | Reached XP level 6. HP: 35/39 MP: 7/10
  3879 | D:4      | Noticed Blork the orc
  3889 | D:4      | Killed Blork the orc
  4316 | D:4      | Reached skill level 4 in Spellcasting
  4316 | D:4      | Reached XP level 7. HP: 37/46 MP: 7/13
  4476 | D:5      | Entered Level 5 of the Dungeon
  4730 | D:5      | Noticed Edmund
  4771 | D:5      | Killed Edmund
  5019 | D:5      | Learned a level 2 spell: Ensorcelled Hibernation
  5181 | D:5      | Reached XP level 8. HP: 50/54 MP: 13/15
  5512 | D:6      | Found a staircase to the Ecumenical Temple.
  5553 | D:6      | Noticed Eustachio
  5564 | D:6      | Killed Eustachio
  5564 | D:6      | Reached skill level 1 in Hexes
  5570 | D:6      | Reached skill level 5 in Spellcasting
  6651 | D:6      | Noticed Prince Ribbit
  6655 | D:6      | Reached skill level 5 in Fighting
  6663 | D:6      | Killed Prince Ribbit
  6663 | D:6      | Reached XP level 9. HP: 54/61 MP: 10/17
  7549 | Temple   | Entered the Ecumenical Temple
  7820 | Temple   | Became a worshipper of Vehumet
  8326 | D:7      | Found a hazy altar of Hepliaklqana.
  8619 | D:7      | Reached skill level 6 in Spellcasting
  8747 | D:7      | Reached skill level 5 in Stealth
  9010 | D:7      | Found an ancient bone altar of Kikubaaqudgha.
  9325 | D:8      | Reached * piety under Vehumet
  9325 | D:8      | Offered knowledge of Foxfire by Vehumet.
  9328 | D:8      | Learned a level 1 spell: Foxfire
  9351 | D:8      | Noticed a hornet
  9354 | D:8      | Killed a hornet
  9372 | D:8      | Noticed Erica
  9378 | D:8      | Killed Erica
  9378 | D:8      | Reached XP level 10. HP: 45/69 MP: 11/20
  9636 | D:8      | Noticed a two-headed ogre
  9704 | D:8      | Killed a two-headed ogre
  9704 | D:8      | Reached skill level 7 in Spellcasting
  9981 | D:8      | Found a broken altar of Ashenzari.
 10082 | D:8      | Found a runed translucent door.
 10098 | D:8      | Found the +10 tower shield of Ignorance {rN+ Int-4}
 10104 | D:8      | Found a runed translucent door.
 10110 | D:8      | Noticed an orange crystal statue
 10149 | D:8      | Found an ornate altar of the Wu Jian Council.
 10386 | D:8      | Reached skill level 1 in Fire Magic
 10699 | D:8      | Noticed Pikel
 10710 | D:8      | Killed Pikel
 10993 | D:9      | Reached ** piety under Vehumet
 11200 | D:9      | Offered knowledge of Shock by Vehumet.
 11241 | D:9      | Reached skill level 1 in Evocations
 11325 | D:9      | Found a runed translucent gate.
 11325 | D:9      | Found a runed translucent gate.
 11325 | D:9      | Found a runed translucent gate.
 11325 | D:9      | Noticed night's ghost (novice DsAE)
 11477 | D:9      | Offered knowledge of Conjure Flame by Vehumet.
 12363 | D:9      | Reached XP level 11. HP: 76/76 MP: 14/22
 12589 | D:9      | Learned a level 4 spell: Summon Ice Beast
 12704 | D:10     | Entered Level 10 of the Dungeon
 12725 | D:10     | Reached skill level 8 in Spellcasting
 12797 | D:10     | Reached *** piety under Vehumet
 12902 | D:10     | Found a runed translucent door.
 12902 | D:10     | Noticed a tengu warrior
 12903 | D:10     | Noticed a hell knight
 12914 | D:10     | Killed a tengu warrior
 13295 | D:10     | Offered knowledge of Mephitic Cloud by Vehumet.
 13675 | D:10     | Noticed Gastronok
 13677 | D:10     | Noticed Maurice
 13898 | D:10     | Killed an unseen horror
 14175 | D:10     | Reached skill level 5 in Fire Magic
 14417 | D:10     | Killed Maurice
 14417 | D:10     | Reached skill level 5 in Dodging
 14417 | D:10     | Reached skill level 1 in Conjurations
 14704 | D:11     | Learned a level 3 spell: Mephitic Cloud
 14754 | D:11     | Reached **** piety under Vehumet
 14754 | D:11     | Reached skill level 1 in Summonings
 14754 | D:11     | Reached skill level 5 in Evocations
 15187 | D:10     | Killed Gastronok
 15413 | D:11     | Reached skill level 9 in Spellcasting
 15433 | D:11     | Offered knowledge of Fulminant Prism by Vehumet.
 15817 | D:11     | Found a staircase to the Lair.
 15959 | D:11     | Reached XP level 12. HP: 82/82 MP: 21/25
 16598 | D:11     | Quit the game

Illustrated notes

Levels and vault maps discovered:
D:1:      minmay_arrival_hallway, layout_basic
D:2:      layout_loops_ring, serial_glass, glass_columns_a, glass_columns_c,
          uniq_terence, uniq_robin
D:3:      layout_loops_cross
D:4:      layout_basic, uniq_blork_the_orc
D:5:      layout_basic, minmay_misc_feat_chi, uniq_edmund
D:6:      layout_loops_corners, temple_doors_e, nicolae_sextant,
          due_unseen_surprise, uniq_prince_ribbit1, uniq_eustachio
D:7:      layout_cave_pools, lemuel_round_altar, lemuel_crystal_altar
D:8:      layout_basic, overflow_temple_1_default, kennysheep_mini,
          chequers_guarded_unrand_ignorance, uniq_pikel, uniq_erica
D:9:      layout_stronghold, gammafunk_ghost_necromancy,
          statue_in_the_mist_lemuel
D:10:     layout_rooms, minivault_13, uniq_maurice, uniq_gastronok
D:11:     layout_roguey, due_lair_maze_entry_diamond, lemuel_flamethrower_1
Temple:   dpeg_five_rooms_temple

Skill      XL: |  1  2  3  4  5  6  7  8  9 10 11 |
---------------+----------------------------------+-----
Stealth        | 3 4 6 8 |  8.6
Ice Magic      | 5 6 7 8 |  8.9
Fighting       | 1 3 4 5 6 7 |  7.7
Spellcasting   | 3 4 5 6 7 9 |  9.1
Hexes          | 3 |  3.5
Fire Magic     | 3 5 |  5.0
Evocations     | 2 5 |  5.6
Dodging        | 3 5 |  5.6
Conjurations   | 1 |  1.0
Summonings     | 3 |  3.3
Short Blades   | |  0.7

Action                   |  1- 3 |  4- 6 |  7- 9 | 10-12 || total
-------------------------+-------+-------+-------+-------++-------
Melee: Unarmed           |    13 |       |       |       ||    13
       Constrict         |    13 |    16 |    32 |    37 ||    98
       Tentacles         |     8 |     9 |    27 |    27 ||    71
       Dagger            |    37 |     8 |       |       ||    45
       Short sword       |       |    41 |       |       ||    41
       Long sword        |       |     3 |    16 |       ||    19
       Flail             |       |       |    34 |       ||    34
       Rapier            |       |       |   131 |   233 ||   364
Throw: Boomerang         |       |       |     5 |       ||     5
 Cast: Freeze            |    22 |    25 |     8 |     1 ||    56
       Frozen Ramparts   |       |    10 |    22 |    49 ||    81
       Ozocubu's Armour  |       |     5 |    19 |    10 ||    34
       Foxfire           |       |       |     1 |   172 ||   173
       Ensorcelled Hiber |       |       |       |     6 ||     6
       Summon Ice Beast  |       |       |       |    21 ||    21
Evoke: Condenser vane    |       |       |       |     1 ||     1
  Use: Potion            |       |     3 |     4 |     2 ||     9
       Scroll            |       |     2 |       |     7 ||     9
 Stab: Sleeping          |    15 |     8 |     5 |     5 ||    33
       Distracted        |       |       |     1 |       ||     1
Armor: Skin              |     3 |     5 |    44 |    84 ||   136
Dodge: Dodged            |    28 |    36 |   119 |   196 ||   379
       Rpst.: Long sword |       |     2 |     6 |       ||     8

Table legend: (Time is in decaauts)
 A = Elapsed time spent in this place.
 B = Non-inter-level travel time spent in this place.
 C = Inter-level travel time spent in this place.
 D = Time resting spent in this place.
 E = Time spent auto-exploring this place.
 F = Levels seen in this place.
 G = Mean time per level.
                   A        B        C        D        E       F      G
               +--------+--------+--------+--------+--------+-----+--------+
         Total |  16701 |  15890 |    811 |   5478 |   7309 |  12 | 1391.8 |
       Dungeon |  16390 |  15595 |    795 |   5478 |   7170 |  11 | 1490.0 |
        Temple |    310 |    294 |     16 |      0 |    139 |   1 |  310.0 |
               +--------+--------+--------+--------+--------+-----+--------+

Top non-repeatable levels by time:
    D:10: 2767 daAuts
     D:6: 2205 daAuts
     D:9: 1880 daAuts
     D:8: 1669 daAuts
     D:4: 1364 daAuts
     D:2: 1265 daAuts
     D:7: 1123 daAuts
     D:3: 1055 daAuts
    D:11: 1032 daAuts
     D:5: 1019 daAuts
     D:1: 1007 daAuts
  Temple: 310 daAuts
